[Event "Late-Titled-Tuesday-Blitz-April-02-2024"]
[Site "Chess.com"]
[Date "2024.04.02"]
[Round "10"]
[White "AllStarShark"]
[Black "ansko1999"]
[Result "1/2-1/2"]
[WhiteElo "2527"]
[BlackElo "2627"]
[TimeControl "180+1"]
[EndTime "15:53:45 PDT"]
[Termination "Game drawn by repetition"]

1. c4 b6 2. Nc3 Bb7 3. e4 e5 4. g3 Nc6 5. Bg2 Bc5 6. Nge2 Nge7 7. O-O O-O 8. d3 Nd4 9. Nxd4 Bxd4 10. Ne2 Bc5 11.
a3 a5 12. Rb1 a4 13. Nc3 Bc6 14. Kh1 d6 15. f4 exf4 16. Bxf4 Bd4 17. Ne2 Be5 18.
d4 Bxf4 19. Nxf4 Ng6 20. Qd3 Nxf4 21. Rxf4 Qd7 22. Rbf1 f6 23. h4 Ra5 24. Kh2 b5 25. Qc3 Rfa8 26. c5 dxc5 27. d5 Bb7 28. Qxc5 Qd6 29. Rc1 Qxc5 30. Rxc5 Rc8 31. Rf2 Ra6 32.
Bh3 Re8 33. Rxc7 Rb6 34. Be6+ Kh8 35. Rfc2 h5 36. Bf5 Rd8 37. Re7 b4 38. Rcc7 bxa3 39. Rxg7 axb2 40. Rh7+ Kg8 41. Rcg7+ Kf8 42. Rf7+ Kg8 43.
Rhg7+ Kh8 44. Rh7+ Kg8 45. Rfg7+ Kf8 46. Rf7+ Kg8 1/2-1/2

[Event "Late-Titled-Tuesday-Blitz-April-02-2024"]
[Site "Chess.com"]
[Date "2024.04.02"]
[Round "10"]
[White "PotapovaM"]
[Black "arturdailima"]
[Result "1-0"]
[WhiteElo "2536"]
[BlackElo "2386"]
[TimeControl "180+1"]
[EndTime "15:53:56 PDT"]
[Termination "PotapovaM won on time"]

1. e4 Nf6 2. Nc3 e5 3. Nf3 Nc6 4. d4 exd4 5. Nxd4 Bb4 6. Nxc6 bxc6 7. Bd3 O-O 8. O-O Re8 9. Bg5 d6 10. Qf3 h6 11. Bh4 Rb8 12. h3 g5 13. Bg3 Kg7 14.
Qe3 Bc5 15. Qd2 a5 16. Kh1 Nh5 17. Bh2 Bd4 18. Be2 Bxc3 19. Qxc3+ Nf6 20. f4 Kg8 21. fxg5 Nxe4 22. Qf3 Nxg5 23. Qh5 Qe7 24. Qxh6 Nh7 25. Bd3 f5 26. Rf3 Qf6 27. Rg3+ Kh8 28. Rg6 Qxb2 29. Rf1 Rf8 30. Bg3 Bd7 31. Bh4 Rf7 32. Rf3 Qa1+ 33.
Kh2 Qe5+ 34. Bg3 Qa1 35. Bf4 Rg8 36. Rxg8+ Kxg8 37. Rg3+ Kh8 38. Bc4 d5 39. Bd3 Qf6 40. Qh5 Rg7 41. Re3 Kg8 42. Be5 Qg6 43. Qe2 Re7 44.
Rg3 1-0

[Event "Late-Titled-Tuesday-Blitz-April-02-2024"]
[Site "Chess.com"]
[Date "2024.04.02"]
[Round "10"]
[White "Zhigalko_Sergei"]
[Black "IMRosen"]
[Result "1-0"]
[WhiteElo "2873"]
[BlackElo "2682"]
[TimeControl "180+1"]
[EndTime "15:53:58 PDT"]
[Termination "Zhigalko_Sergei won on time"]

1. e4 c5 2. Nf3 e6 3. c3 d5 4. e5 d4 5. Bd3 Nc6 6. O-O g5 7. Be4 g4 8. Bxc6+ bxc6 9. Ne1 h5 10.
Qa4 Qc7 11. Nd3 a5 12. Re1 Ba6 13. c4 Nh6 14. b3 Rb8 15. Ba3 Bb5 16. cxb5 cxb5 17.
Qxb5+ Rxb5 18. Rc1 Nf5 19. Bb2 a4 20. Na3 Rb8 21.
bxa4 Rxb2 22. Nxb2 Qxe5 23. Nbc4 Qd5 24. Rab1 Bd6 25.
Nb5 Bf4 26. g3 O-O 27. Re1 h4 28. d3 Be3 29. fxe3 dxe3 30. Nxe3 Nxe3 31. Rxe3 h3 32.
Rb2 Ra8 33. Rd2 Rxa4 34. Nc3 Qd4 35. Nd1 Ra3 36. Kf1 Ra5 37. Re4 Qf6+ 38. Ke1 Qg5 39. Ne3 f5 40. Rxe6 Ra3 41. Rb2 Ra7 42. Rbb6 Kf7 43.
Ke2 Re7 44. Rxe7+ Kxe7 45. Nd5+ Kd8 46. Rd6+ Kc8 47. Rg6 Qh5 48. Rg7 Qh6 49. Rf7 Qg6 50. Ne7+ 1-0

[Event "Late-Titled-Tuesday-Blitz-April-02-2024"]
[Site "Chess.com"]
[Date "2024.04.02"]
[Round "10"]
[White "Lady_Nika"]
[Black "PapaieDudu"]
[Result "0-1"]
[WhiteElo "2510"]
[BlackElo "2397"]
[TimeControl "180+1"]
[EndTime "15:53:58 PDT"]
[Termination "PapaieDudu won by checkmate"]

1. d4 d5 2. e3 Nf6 3. f4 c5 4.
Nf3 Nc6 5. c3 Bg4 6. Be2 e6 7.
Ne5 Bxe2 8. Qxe2 Bd6 9. O-O O-O 10. Nd2 Nd7 11. Nxc6 bxc6 12. e4 cxd4 13. cxd4 c5 14. f5 cxd4 15. Nb3 dxe4 16. fxe6 fxe6 17. Rxf8+ Nxf8 18. Qxe4 e5 19. Bg5 Qb8 20. Rf1 Kh8 21.
Nd2 Ng6 22. Nc4 Bc7 23. h4 Qg8 24. h5 Rf8 25. Rxf8 Nxf8 26. Qc6 Qf7 27. h6 e4 28. hxg7+ Kxg7 29. Bh6+ Kg8 30. Qc5 e3 31. Qg5+ Ng6 32.
Nd6 Qf2+ 33. Kh1 Qf1+ 34. Kh2 Bxd6+ 35. g3 Qf2+ 36. Kh1 Qf7 37. Qd8+ Bf8 38. Bxf8 Qxf8 39.
Qxd4 Qf2 40. Qc4+ Kg7 41. Qd4+ Kh6 42. Qxa7 Qf3+ 43. Kh2 e2 44. Qd7 e1=Q 45. Qh3+ Qh5 46. Qxh5+ Kxh5 47. g4+ Kxg4 48. b4 Qg3+ 49. Kh1 Kh3 50.
b5 Qg2# 0-1

[Event "Late-Titled-Tuesday-Blitz-April-02-2024"]
[Site "Chess.com"]
[Date "2024.04.02"]
[Round "10"]
[White "sergoy"]
[Black "Oleksandr_Bortnyk"]
[Result "0-1"]
[WhiteElo "2913"]
[BlackElo "3054"]
[TimeControl "180+1"]
[EndTime "15:54:01 PDT"]
[Termination "Oleksandr_Bortnyk won by checkmate"]

1. d4 Nf6 2. c4 b6 3. f3 Nc6 4. Nc3 Bb7 5. e4 e5 6. d5 Nd4 7. Nge2 Bc5 8. a3 a5 9. Na4 O-O 10.
Nxc5 bxc5 11. Be3 Ba6 12. Nc3 Rb8 13. Rb1 Ne8 14. Bd3 Nd6 15. b3 f5 16. exf5 N6xf5 17. Bxf5 Rxf5 18. O-O d6 19. Ne4 Qh4 20. Ng3 Rf6 21.
Bxd4 cxd4 22. Ne4 Rh6 23. h3 Rg6 24. Kh1 Rf8 25. Qe1 Qh6 26. Qd2 Qh5 27. Kh2 Bc8 28.
f4 Bf5 29. Rbe1 Bxe4 30. Rxe4 Rgf6 31. Rf3 Qh6 32. Qxa5 Rxf4 33. Rexf4 Rxf4 34. Qxc7 Rxf3 35. gxf3 Qd2+ 36. Kg3 Qe1+ 37. Kg2 Qe2+ 38. Kg3 Qe1+ 39. Kg2 h5 40. Qc8+ Kh7 41. Qf5+ Kh6 42. Qe6+ Kh7 43. Qf5+ Kh6 44. Qe6+ g6 45. Qxd6 Qe2+ 46. Kg3 h4+ 47.
Kxh4 Qf2+ 48. Kg4 Qg2+ 49. Kh4 Qg5# 0-1

[Event "Late-Titled-Tuesday-Blitz-April-02-2024"]
[Site "Chess.com"]
[Date "2024.04.02"]
[Round "10"]
[White "Shahdad2007"]
[Black "WindWhistler11"]
[Result "1-0"]
[WhiteElo "2607"]
[BlackElo "2459"]
[TimeControl "180+1"]
[EndTime "15:54:03 PDT"]
[Termination "Shahdad2007 won on time"]

1. Nf3 e6 2. c4 a6 3. g3 b5 4. Na3 Bxa3 5. bxa3 bxc4 6. Bg2 d5 7. O-O Nf6 8. Ne5 O-O 9. Nxc4 c5 10. a4 Nbd7 11. Nd6 Qc7 12. Nxc8 Rfxc8 13. Ba3 Qa5 14. Bb2 Rab8 15.
Bc3 Qc7 16. Rb1 d4 17. Ba1 Qa5 18. Rxb8 Rxb8 19. e3 e5 20. f4 Rb4 21. Bc6 exf4 22.
a3 Rb6 23. Bxd7 Nxd7 24. exd4 fxg3 25. Qg4 gxh2+ 26. Kh1 Nf8 27. dxc5 Rg6 28. Qf3 Rg1+ 29. Rxg1 hxg1=Q+ 30.
Kxg1 Qxc5+ 31. Kg2 Qc1 32. Bc3 Qxa3 33. a5 Qb3 34.
Qa8 Qc4 35. Kf3 h5 36. Qd8 Qc5 37. Bd4 Qf5+ 38. Ke2 Qd7 39. Qb6 Qe6+ 40. Kd3 h4 41.
Qc7 Qb3+ 42. Ke2 Qe6+ 43. Kd3 Qf5+ 44. Kc3 Qf3+ 45. Kb2 h3 46. Qe5 1-0

[Event "Late-Titled-Tuesday-Blitz-April-02-2024"]
[Site "Chess.com"]
[Date "2024.04.02"]
[Round "10"]
[White "KnightDuta"]
[Black "Veleamater"]
[Result "1-0"]
[WhiteElo "2725"]
[BlackElo "2406"]
[TimeControl "180+1"]
[EndTime "15:54:03 PDT"]
[Termination "KnightDuta won by resignation"]

1. e4 e5 2. Nf3 Nc6 3. Bc4 Nf6 4. d3 Be7 5. O-O O-O 6. a4 d6 7. Nc3 Be6 8. a5 a6 9. Re1 Qd7 10. h3 h6 11. b3 Rfe8 12. Bb2 Bf8 13. Ne2 g6 14.
Ng3 Bg7 15. Qe2 Nh7 16. Bc3 Bxc4 17. bxc4 Rf8 18. Rab1 Rab8 19. Rb2 f5 20. Reb1 Nd8 21. c5 f4 22. Nf1 g5 23. cxd6 cxd6 24. d4 Nc6 25. Qc4+ Kh8 26. dxe5 dxe5 27. N1d2 h5 28. Nb3 g4 29. Nh4 Qe8 30. Nc5 Bf6 31. Nf5 gxh3 32. g3 h2+ 33. Kh1 h4 34. g4 Qg6 35. f3 Ng5 36. Qf1 Ne7 37. Nd7 Nxf5 38. exf5 Qf7 39.
Nxf8 Qd5 40. Ng6+ Kg7 41. Nxh4 Ne4 42. fxe4 Qxe4+ 43. Qf3 Qc4 44. Rxb7+ Kh6 45. Rxb8 e4 46. Qxf4+ Bg5 47. R1b6+ Kh7 48. R6b7+ 1-0

[Event "Late-Titled-Tuesday-Blitz-April-02-2024"]
[Site "Chess.com"]
[Date "2024.04.02"]
[Round "10"]
[White "AryanTari"]
[Black "temus_galaktionov"]
[Result "1/2-1/2"]
[WhiteElo "2971"]
[BlackElo "2878"]
[TimeControl "180+1"]
[EndTime "15:54:06 PDT"]
[Termination "Game drawn - insufficient material"]

1. e4 c6 2. d4 g6 3. Nc3 Bg7 4. h3 d6 5. Nf3 Nd7 6. Be3 e5 7.
Qd2 Ngf6 8. O-O-O Qa5 9. Bh6 Bxh6 10. Qxh6 b5 11. dxe5 dxe5 12. Nxe5 b4 13. Nc4 Qh5 14.
Qxh5 Nxh5 15. Ne2 Ke7 16. Nd4 Nb8 17. g3 Ba6 18. Ne5 Bb7 19. Bc4 f6 20. Nd3 Nd7 21.
Nxb4 c5 22. Ndc6+ Ke8 23. Ba6 Bxa6 24. Nxa6 Rc8 25. Rd6 Nb6 26. Nxc5 Kf7 27. Rhd1 Rhe8 28. b3 Kg8 29. a4 Rc7 30. a5 Nc8 31. Rd8 Rxd8 32.
Rxd8+ Kf7 33. Rd7+ Rxd7 34. Nxd7 Ke6 35. Ndb8 Kd6 36.
Kd2 f5 37. exf5 gxf5 38. Kd3 Nf6 39. Kd4 Ne4 40. g4 Nxf2 41. gxf5 Nxh3 42. c4 Ng5 43.
c5+ Kc7 44. b4 h5 45. Ke3 h4 46. Kf4 h3 47. Kg3 Kb7 48. a6+ Kc7 49. b5 Ne4+ 50. Kxh3 Nxc5 51. Kg4 Nd6 52. f6 Nce4 53. Nxa7 Nxf6+ 54. Kg5 Nfe4+ 55. Kf4 Kxb8 56. b6 Nc5 57. Nc6+ Ka8 58. Ke5 Nxa6 59. Kxd6 Kb7 60. Ne5 Kxb6 1/2-1/2

[Event "Late-Titled-Tuesday-Blitz-April-02-2024"]
[Site "Chess.com"]
[Date "2024.04.02"]
[Round "10"]
[White "Byniolus"]
[Black "Kotlyar_K"]
[Result "1/2-1/2"]
[WhiteElo "2778"]
[BlackElo "2614"]
[TimeControl "180+1"]
[EndTime "15:54:06 PDT"]
[Termination "Game drawn - insufficient material"]

1. d4 Nf6 2. Nf3 g6 3. Bf4 d5 4. e3 Bg7 5. Be2 O-O 6. O-O c5 7. c3 Nc6 8. Nbd2 Nh5 9. Bg5 Qb6 10. Qb3 c4 11. Qxb6 axb6 12. e4 e6 13. e5 f6 14.
exf6 Nxf6 15. Rfe1 Bd7 16. a3 h6 17. Bf4 Ne4 18.
Bc7 Rfc8 19. Bf4 Rf8 20. Be3 Nd6 21. g4 b5 22. h3 Rf7 23. Nh4 g5 24. Ng2 e5 25. dxe5 Nxe5 26. f4 Nd3 27. Bxd3 cxd3 28. fxg5 hxg5 29. Bxg5 Nc4 30. Nxc4 bxc4 31. Ne3 d4 32.
Nxc4 dxc3 33. bxc3 Bxc3 34. Ne5 Bxa1 35. Nxf7 Bd4+ 36. Kh2 Kxf7 37. Re7+ Kg6 38. Rxd7 Be5+ 39. Kg2 Kxg5 40. Rxd3 Kf4 41. Rb3 Ra7 42. Rb4+ Ke3 43.
a4 Bd6 44. Rb3+ Kd4 45. h4 Kc4 46. Rb1 Bc5 47. g5 b6 48. Kf3 Kd5 49. h5 Ke5 50. g6 Kf6 51. Ra1 b5 52. a5 b4 53. Ke4 Kg5 54. Kd5 Bf8 55. Rf1 Kxh5 56. Rxf8 Kxg6 57. Kc4 Rxa5 58. Kxb4 Ra7 59. Rg8+ Rg7 60. Rxg7+ Kxg7 1/2-1/2

[Event "Late-Titled-Tuesday-Blitz-April-02-2024"]
[Site "Chess.com"]
[Date "2024.04.02"]
[Round "10"]
[White "emeli_chess"]
[Black "Romkachess"]
[Result "0-1"]
[WhiteElo "2449"]
[BlackElo "2682"]
[TimeControl "180+1"]
[EndTime "15:54:06 PDT"]
[Termination "Romkachess won by resignation"]

1. d4 Nf6 2. c4 e6 3. Nc3 Bb4 4. Qc2 O-O 5. a3 Bxc3+ 6. Qxc3 b6 7.
Nf3 Bb7 8. e3 Ne4 9. Qc2 d6 10.
Be2 Nd7 11. O-O f5 12. b3 Rf6 13. Bb2 Rh6 14. Rad1 g5 15. d5 e5 16. Nd2 g4 17.
Nxe4 Qh4 18. h3 gxh3 19. g3 Qxe4 20. Qxe4 fxe4 21. Kh2 Nf6 22. f4 exf3 23. Bxf3 Bc8 24. e4 Bg4 25. Bc1 Bxf3 26. Rxf3 Ng4+ 27. Kh1 Rf6 28. Rdf1 Raf8 29. Rf5 Rxf5 30. exf5 h5 31. Bg5 Kf7 32. Kg1 e4 33. Rf4 Re8 34. Kf1 e3 35. Ke2 Re5 36. Rf1 h2 37. Rh1 Re8 38. Bh4 Re5 39. Bg5 Rxf5 40. Bxe3 Re5 41. Kd2 Rxe3 42.
Rxh2 Nxh2 43. Kxe3 Kf6 44. Kf4 Ng4 45. b4 Ne5 46. c5 bxc5 47. bxc5 dxc5 48. Ke4 Ng6 49. Kd3 Ke7 50. Kc4 Kd6 51. a4 Ne7 52. Kb5 Nxd5 53. Ka6 Nc3 54. Kxa7 Nxa4 55. Ka6 Nb2 56.
Kb5 Nd3 57. Kc4 Ne5+ 0-1

[Event "Late-Titled-Tuesday-Blitz-April-02-2024"]
[Site "Chess.com"]
[Date "2024.04.02"]
[Round "10"]
[White "Franmu14"]
[Black "Squirlolz"]
[Result "1-0"]
[WhiteElo "2690"]
[BlackElo "2583"]
[TimeControl "180+1"]
[EndTime "15:54:07 PDT"]
[Termination "Franmu14 won by checkmate"]

1. e4 d6 2. d4 Nf6 3. Nc3 c6 4. f3 Qb6 5. Bc4 e6 6. Bb3 d5 7.
Be3 Nbd7 8. Qd2 Be7 9. e5 Ng8 10. f4 Nh6 11. Nf3 Nf5 12. g4 Nxe3 13. Qxe3 c5 14.
O-O-O cxd4 15. Nxd4 h6 16. Kb1 Nc5 17. f5 Bd7 18.
Rhe1 O-O-O 19. Bxd5 Bg5 20. Qg3 exd5 21. Nxd5 Qa5 22. b4 Ne4 23. bxa5 Nxg3 24. hxg3 Rhe8 25. Nf4 Bc6 26. e6 Bf6 27. Nxc6 bxc6 28. exf7 Rxd1+ 29. Rxd1 Rf8 30. Ne6 Rxf7 31. Rd6 Kb7 32. c3 Be5 33. Nd8+ Kc7 34. Nxf7 Bxd6 35. Kc2 Bxg3 36. Kd3 Be1 37. c4 Kb7 38. Nd8+ Kc7 39. Ne6+ Kd6 40. Nxg7 Bxa5 41. f6 Bd8 42. Nf5+ Ke6 43. Nxh6 Bxf6 44. Nf5 Ke5 45.
Nd4 Kf4 46. Nxc6 a6 47. Nb4 a5 48. Nd5+ Kxg4 49. Nxf6+ Kf5 50. Nd5 Ke5 51. Nc3 Kd6 52. Ne4+ Kc6 53. c5 Kb5 54. Kd4 Ka4 55. c6 Ka3 56. c7 Kxa2 57. c8=Q a4 58. Qc2+ Ka3 59. Qc3+ Ka2 60. Qb4 a3 61. Nc3+ Ka1 62. Qxa3# 1-0

[Event "Late-Titled-Tuesday-Blitz-April-02-2024"]
[Site "Chess.com"]
[Date "2024.04.02"]
[Round "10"]
[White "Smiechu"]
[Black "Sanyura"]
[Result "1/2-1/2"]
[WhiteElo "2508"]
[BlackElo "2616"]
[TimeControl "180+1"]
[EndTime "15:54:07 PDT"]
[Termination "Game drawn by repetition"]

1. e4 c5 2. Nf3 e6 3. d4 cxd4 4. Nxd4 Nf6 5. Nc3 Nc6 6. a3 Be7 7. Be3 d5 8. Bb5 Bd7 9. exd5 exd5 10. O-O O-O 11. h3 h6 12. Re1 Bd6 13. Nf3 Bf5 14.
Bd3 Be6 15. Ne2 Bc7 16. Nf4 Re8 17. Nxe6 Rxe6 18. Bf5 Re8 19. g3 Bb6 20. Qd2 Ne4 21. Bxe4 dxe4 22. Nh2 Qxd2 23. Bxd2 Nd4 24. Rac1 Rac8 25.
Bc3 e3 26. fxe3 Nb5 27. Bd2 Red8 28. Nf1 Nd6 29. Kg2 Ne4 30. Re2 Nxd2 31. Nxd2 Bxe3 32. Rxe3 Rxd2+ 33. Kf3 Rcxc2 34. Rxc2 Rxc2 35. Re8+ Kh7 36. Re7 Rxb2 37. Rxf7 Rb3+ 38. Kf4 a5 39. h4 Kg6 40.
Rc7 b5 41. Rc6+ Kh7 42. Rc5 a4 43. g4 b4 44. axb4 Rxb4+ 45. Kf5 a3 46. Ra5 Rb3 47. g5 hxg5 48. hxg5 Rf3+ 49. Kg4 Rb3 50. Kf5 Rf3+ 51.
Kg4 Rd3 52. Kf5 Rf3+ 1/2-1/2

[Event "Late-Titled-Tuesday-Blitz-April-02-2024"]
[Site "Chess.com"]
[Date "2024.04.02"]
[Round "10"]
[White "ritanovikova"]
[Black "Felix-Rose"]
[Result "1-0"]
[WhiteElo "2189"]
[BlackElo "2300"]
[TimeControl "180+1"]
[EndTime "15:54:09 PDT"]
[Termination "ritanovikova won on time"]

1. e4 e5 2. Nf3 Nc6 3. Bb5 a6 4. Ba4 Nf6 5. O-O b5 6. Bb3 Bc5 7. c3 d6 8. d4 Bb6 9. Bd5 Bd7 10.
dxe5 dxe5 11. Bg5 h6 12. Bh4 Qe7 13. a4 Rb8 14. axb5 axb5 15. Na3 O-O 16. Nxb5 Bxf2+ 17. Rxf2 Rxb5 18. Qd3 Rfb8 19. b4 Nd8 20. Bc4 R5b6 21. Rd1 Bg4 22. Rdd2 Rd6 23. Qe3 g5 24. Nxg5 Rxd2 25.
Qxd2 Nxe4 26. Nxe4 Qxh4 27. Nf6+ Kh8 28. Nxg4 Qxg4 29.
Qxh6+ Kg8 30. Rf3 Qxf3 31. gxf3 Rb6 32. Qg5+ Rg6 33. h4 Rxg5+ 34. hxg5 Kg7 35. Bd3 Ne6 36.
c4 Nxg5 37. Kf2 Kf6 38. c5 Ne6 39. Bc4 Nd4 40. Bd5 c6 41. Bc4 Ke7 42. Ke3 f5 43. f4 Nc2+ 44. Kd2 Nxb4 45. fxe5 Na6 46. Bxa6 Ke6 47.
Kc3 Kxe5 48. Kb4 Kd4 49. Bb7 f4 50. Bxc6 Ke3 51. Kb5 1-0

[Event "Late-Titled-Tuesday-Blitz-April-02-2024"]
[Site "Chess.com"]
[Date "2024.04.02"]
[Round "10"]
[White "mishanick"]
[Black "SpeedofLight0"]
[Result "1-0"]
[WhiteElo "3067"]
[BlackElo "3087"]
[TimeControl "180+1"]
[EndTime "15:54:15 PDT"]
[Termination "mishanick won by resignation"]

1. d4 d6 2. e4 g6 3. c4 Bg7 4. Nc3 Nc6 5. Be3 e5 6. d5 Nce7 7. c5 f5 8. Bb5+ Kf7 9. f3 Nf6 10.
Nh3 h6 11. cxd6 cxd6 12. Nf2 f4 13. Bd2 g5 14. Be2 Bd7 15. Qb3 Rb8 16. Qa3 Qb6 17. Nd3 Rhc8 18. O-O-O Qc7 19. Nxe5+ dxe5 20. d6 Qc5 21.
Qxc5 Rxc5 22. dxe7 Kxe7 23. Kb1 Kf7 24. Be1 Be6 25. Bf2 Rc6 26. Bb5 Rcc8 27. Bxa7 Ra8 28. Bb6 Rxc3 29. bxc3 Rxa2 30. Rhg1 Bb3 31. Rde1 Bf8 32.
Re2 Ra3 33. Rb2 Ne8 34. Bd3 Nd6 35. Bc7 Ke6 36. Bxd6 Bxd6 37. Bc2 Bc4 38. Rxb7 Rxc3 39. Rb6 Ke7 40. Rd1 Bc5 41. Rb7+ Ke6 42. Rc7 Bd4 43. Rxc4 Ra3 44. Ra4 Re3 45. Ra6+ Ke7 46. Rxh6 Re2 47. g3 g4 48. gxf4 gxf3 49. fxe5 f2 50. Rf6 Bxe5 51. Rf5 Bxh2 52. Bd3 Re1 53. Kc2 Bg3 54. Rd2 Re3 55. Rdxf2 Bxf2 56. Rxf2 Ke6 57.
Kd2 Rg3 58. Rf5 Rg6 59. Ke3 Rg3+ 60. Kd4 Rg8 61. Bc4+ 1-0

[Event "Late-Titled-Tuesday-Blitz-April-02-2024"]
[Site "Chess.com"]
[Date "2024.04.02"]
[Round "10"]
[White "Sargsyan_Shant"]
[Black "Kacparov"]
[Result "1/2-1/2"]
[WhiteElo "2977"]
[BlackElo "2952"]
[TimeControl "180+1"]
[EndTime "15:54:15 PDT"]
[Termination "Game drawn - insufficient material"]

1. c4 e5 2. g3 Nf6 3. Bg2 d5 4. cxd5 Nxd5 5. Nf3 Nc6 6. O-O Be7 7. d4 exd4 8. Nxd4 Nxd4 9. Qxd4 Nf6 10. Qxd8+ Bxd8 11. Rd1 c6 12. Nc3 Be6 13. b4 O-O 14. Rb1 Bb6 15.
a4 Rad8 16. Bf4 Rxd1+ 17. Rxd1 Rd8 18. Rc1 Bd4 19. h3 Bxc3 20. Rxc3 Rd1+ 21. Kh2 Nd5 22. Bxd5 Bxd5 23. f3 a6 24. e4 Be6 25. g4 f6 26.
h4 Rd4 27. b5 axb5 28. axb5 cxb5 29. Rc5 Bd7 30. Kg3 Bc6 31. Rc2 Rd3 32. Kf2 b4 33. Rd2 Rc3 34. Bd6 b3 35. Ba3 Kf7 36. Bb2 Rc2 37. Ke3 h6 38. h5 Ke6 39. Ba3 Bb5 40.
Rd6+ Kf7 41. Rd2 Rxd2 42. Kxd2 Bf1 43. Ke3 Ke6 44. f4 Kf7 45. Bb2 b5 46. e5 fxe5 47. Bxe5 Bh3 48. Kf3 Bf1 49. Bb2 Bd3 50. g5 hxg5 51.
fxg5 Bc2 52. Kf4 Bd1 53. g6+ Kg8 54. Kg5 Bc2 55. Bc3 Bd3 56. Bd4 Bc2 57. Bb2 Bd3 58. h6 gxh6+ 59. Kxh6 Bxg6 60. Kxg6 Kf8 61. Kf5 Ke7 62.
Ke4 b4 63. Kd4 Ke6 64. Kc4 Kf5 65. Kxb4 Ke4 66. Kxb3 1/2-1/2

[Event "Late-Titled-Tuesday-Blitz-April-02-2024"]
[Site "Chess.com"]
[Date "2024.04.02"]
[Round "10"]
[White "Savagelittlemole"]
[Black "Indefatigable11"]
[Result "1-0"]
[WhiteElo "2501"]
[BlackElo "2240"]
[TimeControl "180+1"]
[EndTime "15:54:18 PDT"]
[Termination "Savagelittlemole won by checkmate"]

1. e4 e6 2. d4 d5 3. Nd2 c5 4. exd5 Qxd5 5. Ngf3 cxd4 6. Bc4 Qd6 7.
O-O Nf6 8. Nb3 Nc6 9. Nbxd4 Nxd4 10. Nxd4 Be7 11. Be3 O-O 12. Nb5 Qc6 13. Bd3 a6 14. Nd4 Qc7 15. Qf3 Bc5 16. Rad1 Bxd4 17. Bxd4 e5 18.
Bc3 Bg4 19. Qg3 Bxd1 20. Bxe5 Qe7 21. Rxd1 Nh5 22. Qe3 Rfe8 23. f4 f6 24. Qe4 g6 25.
Qc4+ Kh8 26. Bc3 Rac8 27. Qa4 Qe3+ 28. Kh1 Rxc3 29. bxc3 b5 30. Qd4 Qe1+ 31. Bf1 Qh4 32. Qd7 Rf8 33. Qd6 Rg8 34. Kg1 Qg4 35. g3 Re8 36.
Bg2 Rg8 37. Qd4 Qf5 38. Qd2 Ng7 39. Qd4 Qe6 40. Qd3 Nf5 41. Qd2 Re8 42. Qf2 Ne3 43. Re1 Qe7 44. Kh1 Qc5 45. h3 Re7 46. Kh2 Qb6 47. Kh1 Qc5 48. Re2 Qb6 49. c4 Qc5 50. cxb5 axb5 51. Kh2 Ng4+ 52. hxg4 Qxf2 53.
Rxf2 b4 54. Bd5 Ra7 55. Bb3 Rc7 56. Re2 Rc3 57. Kg2 Kg7 58. Re7+ Kh6 59. Kf2 f5 60.
g5+ Kh5 61. Rxh7+ Kg4 62. Rh4# 1-0

[Event "Late-Titled-Tuesday-Blitz-April-02-2024"]
[Site "Chess.com"]
[Date "2024.04.02"]
[Round "10"]
[White "Resignify"]
[Black "Flaccidmoves"]
[Result "0-1"]
[WhiteElo "2244"]
[BlackElo "2416"]
[TimeControl "180+1"]
[EndTime "15:54:18 PDT"]
[Termination "Flaccidmoves won on time"]

1. e4 d5 2. exd5 Qxd5 3. Nc3 Qd8 4. Bc4 c6 5. d4 Bf5 6. Nf3 e6 7. O-O Nd7 8. h3 Ngf6 9. Re1 Be7 10. Bf4 O-O 11. Qe2 Nb6 12. Bd3 Bxd3 13. Qxd3 Nbd5 14.
Bd2 Nb4 15. Qc4 Nxc2 16. Rac1 Nxe1 17. Rxe1 Nd5 18. Ne5 Nxc3 19. bxc3 Qd5 20. Qa4 c5 21. Be3 cxd4 22. cxd4 Rfd8 23. g3 Bf6 24. Rb1 Bxe5 25. dxe5 b5 26. Rxb5 Qd1+ 27. Qxd1 Rxd1+ 28. Kg2 h6 29. a4 Rd5 30. Rb7 Rxe5 31. Bxa7 Ra5 32. Be3 Rxa4 33.
h4 Rc8 34. Rd7 Rac4 35. Rb7 R8c7 36. Rb8+ Kh7 37. Rb5 g6 38. Rb6 e5 39. Rb5 f6 40. Rb6 Kg7 41. Ra6 Rc2 42. Re6 Kf7 43.
Ra6 g5 44. hxg5 hxg5 45. Kf3 Kg6 46. Rd6 R7c4 47. Ra6 g4+ 48. Kg2 Re2 49. Ra8 Rcc2 50. Bb6 Rc1 51. Rg8+ Kf5 52. Rh8 Rb1 53. Be3 Ree1 54. Rh5+ Ke4 0-1

[Event "Late-Titled-Tuesday-Blitz-April-02-2024"]
[Site "Chess.com"]
[Date "2024.04.02"]
[Round "10"]
[White "JoakimVonAnd"]
[Black "Grischuk"]
[Result "0-1"]
[WhiteElo "2711"]
[BlackElo "3052"]
[TimeControl "180+1"]
[EndTime "15:54:20 PDT"]
[Termination "Grischuk won on time"]

1. d4 e6 2. Nf3 c5 3. c3 Nf6 4. Bf4 cxd4 5. cxd4 Qb6 6. Qb3 Qxb3 7.
axb3 Nc6 8. Nc3 b6 9. e4 Bb4 10.
Bd3 Bb7 11. O-O O-O 12. h3 Na5 13. Nd2 Rfc8 14. Rfc1 d5 15. e5 Ne4 16. Ndxe4 dxe4 17. Bxe4 Bxe4 18. Nxe4 Rxc1+ 19. Rxc1 Nxb3 20. Rc4 a5 21. Be3 h6 22. Rc7 Rd8 23. Rb7 Nxd4 24. Rxb6 Nc2 25.
Bc5 Bxc5 26. Nxc5 Rd5 27. Rc6 Nd4 28. Rc8+ Kh7 29. Ne4 Rxe5 30. Nd6 f6 31. Rc7 Nb5 32. Nxb5 Rxb5 33. Ra7 h5 34. g3 Kg6 35. h4 f5 36.
Kg2 Kf6 37. Kf3 Rb3+ 38. Kg2 Rb5 39. Kf3 g5 40. hxg5+ Kxg5 41. Ra6 e5 42. Kg2 e4 43. Kg1 h4 44. gxh4+ Kxh4 45. Kg2 Kg4 46. Rg6+ Kf4 47. Ra6 Ke5 48. Ra8 Kd4 49. Kg3 Kc4 50. Kf4 Kb3 51. f3 exf3 52. Kxf3 Kxb2 53. Ke2 Kb3 54. Kd2 a4 55.
Kc1 f4 56. Rf8 Rb4 57. Rh8 Rc4+ 58. Kb1 Kc3 59. Rh3+ Kd2 0-1

[Event "Late-Titled-Tuesday-Blitz-April-02-2024"]
[Site "Chess.com"]
[Date "2024.04.02"]
[Round "10"]
[White "KuzubovYuriy"]
[Black "Njal28"]
[Result "0-1"]
[WhiteElo "2921"]
[BlackElo "3062"]
[TimeControl "180+1"]
[EndTime "15:54:24 PDT"]
[Termination "Njal28 won by checkmate"]

1. d4 Nf6 2. c4 e6 3. Nf3 d5 4. Nc3 Bb4 5. Bg5 dxc4 6. a3 Bxc3+ 7. bxc3 b5 8. Qb1 c6 9. e4 h6 10. Bf4 Nbd7 11. a4 a6 12. Be2 Bb7 13. Bxc4 bxc4 14.
Qxb7 Nxe4 15. Qxc6 Nxc3 16. Qxc4 Nd5 17. Bd6 N7b6 18. Qc6+ Qd7 19. Qxd7+ Kxd7 20. Bc5 f6 21. Ke2 Nf4+ 22. Kd2 Nc4+ 23. Kc2 Rhc8 24. Rhb1 Rc7 25. g3 Nd5 26. Kd3 Na5 27. Nd2 Nb7 28. Ba3 Rac8 29. Ne4 f5 30. Nc5+ Nxc5+ 31. Bxc5 e5 32. a5 Ke6 33. f3 e4+ 34. fxe4 fxe4+ 35. Kxe4 Nc3+ 36. Kd3 Nxb1 37. Rxb1 Kd5 38. Re1 Rd7 39. Re5+ Kc6 40. Kc4 Kb7 41. Re6 Rc6 42. Re8 Rc8 43. Re4 Rcd8 44. h4 Rc7 45. Rg4 Rdc8 46. Rg6 Rd7 47.
Rb6+ Kc7 48. Rxa6 Rf7 49. Rg6 Rd7 50. a6 Kb8 51. Kb5 Ka8 52. a7 Rb7+ 53. Ka5 Rcc7 54. h5 Rc8 55. g4 Rb1 56. Rxg7 Ra1+ 57. Kb4 Rb1+ 58. Kc4 Rc1+ 59. Kd5 Rg1 60. Rg6 Rd8+ 61. Ke4 Re1+ 62. Kd3 Rc1 63. Ke4 Re1+ 64. Kf3 Rde8 65. Kg3 R8e3+ 66. Kf4 Re8 67. Kf5 Rf1# 0-1

[Event "Late-Titled-Tuesday-Blitz-April-02-2024"]
[Site "Chess.com"]
[Date "2024.04.02"]
[Round "10"]
[White "remyrushbrooke"]
[Black "MarceloPlaya"]
[Result "1-0"]
[WhiteElo "2279"]
[BlackElo "2402"]
[TimeControl "180+1"]
[EndTime "15:54:25 PDT"]
[Termination "remyrushbrooke won on time"]

1. Nf3 e6 2. g3 d5 3. Bg2 Nf6 4. d4 c5 5. O-O Nc6 6. c4 cxd4 7. Nxd4 Bc5 8. Nb3 Bb6 9. c5 Bc7 10. Nd4 O-O 11. Nb5 Bb8 12. Bf4 e5 13. Bg5 d4 14.
Nd2 a6 15. Bxf6 Qxf6 16. Nd6 Bxd6 17. Ne4 Qg6 18. Nxd6 Rd8 19. a3 Rb8 20. b4 Ne7 21.
Qb1 Qe6 22. Be4 g6 23. Bd3 Qh3 24. Bc4 Be6 25. Qa2 Bxc4 26. Qxc4 Qe6 27. Qxe6 fxe6 28. Rfc1 Kg7 29. a4 Nd5 30. b5 Nc3 31. Kf1 Kf6 32. Ra3 Ke7 33. Raxc3 dxc3 34. Rxc3 b6 35. bxa6 bxc5 36.
Nb5 Rd1+ 37. Kg2 Ra1 38. Rc4 Kf6 39. Nc7 Rc8 40. a7 Rb1 41. a8=Q Rxa8 42. Nxa8 Rb4 43. Rxb4 cxb4 44. Nb6 e4 45. Nc4 e5 46. f3 e3 47.
f4 Ke6 48. Kf3 Kd5 49. Nb2 exf4 50. gxf4 Kd4 51. a5 Kc3 52. a6 Kxb2 53. a7 b3 54.
a8=Q Kc1 55. Qc6+ Kd2 56. Qd5+ Kc2 57. Qc4+ 1-0